3168 views
Uploaded 2020-03-09 21:02:39
Game version 1.32.2
9:54 long 3on3 ladder game on (6)GnollWood
Saved by BEARAND
3168 views
Uploaded 2020-03-09 21:02:39
Game version 1.32.2
9:54 long 3on3 ladder game on (6)GnollWood


48 units @ 3.5k
/ 0.1k
77 buildings @ 6.5k
/ 2.9k


| Staff of Teleportation | 1 | 150 |
| Boots of Speed | 1 | 250 |
| Healing Salve | 1 | 100 |
| total: | 3 | 500g |
| Peasant | 15 | 1125 | / | 0 |
| total: | 15 | 1125g | / | 0w |
| Scout Tower | 37 | 1110 | / | 740 |
| Arcane Tower | 4 | 280 | / | 200 |
| Guard Tower | 45 | 3150 | / | 2250 |
| Altar of Kings | 1 | 180 | / | 50 |
| Farm | 4 | 320 | / | 80 |
| Lumber Mill | 1 | 120 | / | 0 |
| Arcane Sanctum | 1 | 150 | / | 140 |
| Keep | 2 | 640 | / | 420 |
| Castle | 2 | 720 | / | 420 |
| total: | 44 | 1880g | / | 1010w |
| 0:03 | Peasant |
| 0:03 | Peasant |
| 0:14 | Altar of Kings |
| 0:21 | Farm |
| 0:22 | Peasant |
| 0:30 | Peasant |
| 0:37 | Lumber Mill |
| 0:39 | Peasant |
| 0:39 | Peasant |
| 0:46 | Scout Tower |
| 0:54 | Peasant |
| 1:01 | Peasant |
| 1:05 | Peasant |
| 1:33 | Scout Tower |
| 1:34 | Farm |
| 1:40 | Scout Tower |
| 1:42 | Scout Tower |
| 1:42 | Scout Tower |
| 1:43 | Scout Tower |
| 1:44 | Scout Tower |
| 1:46 | Arcane Tower |
| 1:49 | Peasant |
| 1:56 | Peasant |
| 1:57 | Peasant |
| 1:57 | Peasant |
| 2:03 | Scout Tower |
| 2:07 | Guard Tower |
| 2:09 | Scout Tower |
| 2:14 | Blizzard |
| 2:16 | Arcane Tower |
| 2:20 | Peasant |
| 2:30 | Scout Tower |
| 2:45 | Guard Tower |
| 2:45 | Scout Tower |
| 2:46 | Guard Tower |
| 2:47 | Scout Tower |
| 2:47 | Scout Tower |
| 3:01 | Peasant |
| 3:16 | Guard Tower |
| 3:16 | Guard Tower |
| 3:27 | Guard Tower |
| 3:28 | Scout Tower |
| 3:28 | Scout Tower |
| 3:29 | Guard Tower |
| 3:29 | Guard Tower |
| 3:41 | Staff of Teleportation |
| 3:41 | Boots of Speed |
| 3:46 | Guard Tower |
| 3:47 | Scout Tower |
| 3:48 | Scout Tower |
| 3:57 | Brilliance Aura |
| 4:05 | Keep |
| 4:11 | Healing Salve |
| 4:19 | Guard Tower |
| 4:20 | Scout Tower |
| 4:20 | Scout Tower |
| 4:21 | Guard Tower |
| 4:22 | Guard Tower |
| 4:22 | Guard Tower |
| 4:58 | Scout Tower |
| 4:59 | Scout Tower |
| 4:59 | Scout Tower |
| 5:02 | Guard Tower |
| 5:07 | Farm |
| 5:08 | Farm |
| 5:08 | Improved Masonry |
| 5:09 | Advanced Masonry |
| 5:26 | Guard Tower |
| 5:28 | Guard Tower |
| 5:29 | Scout Tower |
| 5:30 | Scout Tower |
| 5:53 | Scout Tower |
| 5:55 | Scout Tower |
| 5:56 | Scout Tower |
| 5:57 | Scout Tower |
| 5:58 | Scout Tower |
| 6:39 | Guard Tower |
| 6:41 | Scout Tower |
| 6:42 | Scout Tower |
| 6:45 | Arcane Sanctum |
| 6:50 | Guard Tower |
| 7:04 | Guard Tower |
| 7:07 | Scout Tower |
| 7:07 | Scout Tower |
| 7:09 | Guard Tower |
| 7:09 | Guard Tower |
| 7:25 | Blizzard |
| 7:31 | Scout Tower |
| 7:32 | Scout Tower |
| 7:36 | Storm Bolt |
| 7:40 | Guard Tower |
| 7:41 | Scout Tower |
| 7:42 | Scout Tower |
| 9:28 | Guard Tower |
| 9:46 | Castle |
| Right click | 771 |
| Select | 285 |
| Build/train/purchase | 114 |
| Select group | 79 |
| Chat | 49 |
| Use ability | 19 |
| Assign group | 8 |
| Item give/drop | 3 |
| Remove unit | 1 |
| Minimap ping | 1 |



| Orb of Venom | 2 | 650 |
| Boots of Speed | 1 | 250 |
| Circlet of Nobility | 1 | 175 |
| Staff of Teleportation | 1 | 150 |
| total: | 5 | 1225g |
| Wisp | 21 | 1260 | / | 0 |
| total: | 21 | 1260g | / | 0w |
| Altar of Elders | 1 | 180 | / | 50 |
| Moon Well | 7 | 1260 | / | 280 |
| Hunter's Hall | 1 | 210 | / | 100 |
| Ancient of Wonders | 4 | 360 | / | 120 |
| Tree of Ages | 1 | 320 | / | 180 |
| Tree of Eternity | 1 | 330 | / | 200 |
| total: | 13 | 2010g | / | 550w |
| 0:04 | Wisp |
| 0:04 | Wisp |
| 0:06 | Altar of Elders |
| 0:11 | Moon Well |
| 0:19 | Wisp |
| 0:45 | Moon Well |
| 0:46 | Wisp |
| 0:48 | Wisp |
| 0:48 | Wisp |
| 1:20 | Wisp |
| 1:20 | Wisp |
| 1:20 | Wisp |
| 1:27 | Wisp |
| 1:45 | Wisp |
| 1:55 | Wisp |
| 2:17 | Entangling Roots |
| 2:19 | Wisp |
| 2:19 | Wisp |
| 2:42 | Wisp |
| 2:42 | Wisp |
| 3:24 | Wisp |
| 3:24 | Wisp |
| 3:57 | Tree of Ages |
| 4:21 | Boots of Speed |
| 4:21 | Circlet of Nobility |
| 4:53 | Staff of Teleportation |
| 5:24 | Moon Well |
| 5:25 | Moon Well |
| 6:23 | Tree of Eternity |
| 6:41 | Thorns Aura |
| 6:56 | Hunter's Hall |
| 7:05 | Moon Well |
| 7:23 | Trueshot Aura |
| 7:42 | Ancient of Wonders |
| 7:44 | Ancient of Wonders |
| 7:51 | Ancient of Wonders |
| 7:55 | Ancient of Wonders |
| 8:54 | Well Spring |
| 8:54 | Ultravision |
| 8:55 | Wisp |
| 8:56 | Wisp |
| 8:56 | Wisp |
| 9:32 | Moon Well |
| 9:33 | Moon Well |
| 9:41 | Frost Arrows |
| 9:46 | Orb of Venom |
| 9:46 | Orb of Venom |
| Right click | 616 |
| Select group | 173 |
| Select | 90 |
| Resource trade | 52 |
| Build/train/purchase | 45 |
| Use ability | 21 |
| Minimap ping | 10 |
| Assign group | 6 |
| Misc. action | 4 |
| Item give/drop | 1 |
| Esc | 1 |


| Healing Salve | 3 | 300 |
| Lesser Clarity Potion | 3 | 210 |
| Boots of Speed | 1 | 250 |
| Staff of Teleportation | 1 | 150 |
| total: | 8 | 910g |
| Peon | 10 | 750 | / | 0 |
| Troll Batrider | 2 | 320 | / | 80 |
| total: | 12 | 1070g | / | 80w |
| Watch Tower | 13 | 1430 | / | 1040 |
| Altar of Storms | 1 | 180 | / | 50 |
| Orc Burrow | 3 | 480 | / | 120 |
| War Mill | 1 | 205 | / | 0 |
| Voodoo Lounge | 1 | 130 | / | 30 |
| Beastiary | 1 | 145 | / | 140 |
| Stronghold | 1 | 315 | / | 190 |
| Fortress | 1 | 325 | / | 190 |
| total: | 20 | 2570g | / | 1380w |
| 0:01 | Peon |
| 0:03 | Altar of Storms |
| 0:13 | Peon |
| 0:23 | Orc Burrow |
| 0:27 | Peon |
| 0:38 | Peon |
| 0:49 | War Mill |
| 0:58 | Peon |
| 1:03 | Voodoo Lounge |
| 1:17 | Peon |
| 1:21 | Peon |
| 1:26 | Peon |
| 1:44 | Peon |
| 2:06 | Peon |
| 2:12 | Watch Tower |
| 2:14 | Healing Salve |
| 2:14 | Lesser Clarity Potion |
| 2:15 | Healing Salve |
| 2:16 | Lesser Clarity Potion |
| 2:18 | Wind Walk |
| 2:23 | Watch Tower |
| 2:31 | Watch Tower |
| 3:04 | Stronghold |
| 3:39 | Watch Tower |
| 3:40 | Watch Tower |
| 4:09 | Boots of Speed |
| 4:10 | Staff of Teleportation |
| 4:52 | Watch Tower |
| 5:26 | Watch Tower |
| 5:27 | Watch Tower |
| 6:03 | Watch Tower |
| 6:35 | Critical Strike |
| 6:50 | Orc Burrow |
| 7:12 | Watch Tower |
| 7:12 | Watch Tower |
| 7:22 | Fortress |
| 7:25 | Lesser Clarity Potion |
| 7:28 | Healing Salve |
| 7:53 | Beastiary |
| 8:14 | Watch Tower |
| 8:15 | Watch Tower |
| 8:54 | Healing Wave |
| 9:03 | Troll Batrider |
| 9:30 | Troll Batrider |
| 9:33 | Orc Burrow |
| 9:38 | Wind Walk |
| Right click | 584 |
| Assign group | 495 |
| Select group | 187 |
| Select | 131 |
| Build/train/purchase | 51 |
| Use ability | 10 |
| Resource trade | 4 |
| Item give/drop | 1 |
73 units @ 7.1k
/ 0.3k
39 buildings @ 5.8k
/ 2.2k


| Scroll of Regeneration | 1 | 100 |
| total: | 1 | 100g |
| Peasant | 11 | 825 | / | 0 |
| Footman | 13 | 1755 | / | 0 |
| total: | 24 | 2580g | / | 0w |
| Scout Tower | 2 | 60 | / | 40 |
| Arcane Tower | 2 | 140 | / | 100 |
| Altar of Kings | 1 | 180 | / | 50 |
| Farm | 6 | 480 | / | 120 |
| Barracks | 1 | 160 | / | 60 |
| Lumber Mill | 1 | 120 | / | 0 |
| Arcane Vault | 1 | 130 | / | 30 |
| Blacksmith | 1 | 140 | / | 60 |
| Town Hall | 1 | 385 | / | 205 |
| Arcane Sanctum | 1 | 150 | / | 140 |
| Keep | 1 | 320 | / | 210 |
| Castle | 1 | 360 | / | 210 |
| total: | 15 | 1805g | / | 705w |
| 0:04 | Peasant |
| 0:04 | Peasant |
| 0:04 | Peasant |
| 0:09 | Altar of Kings |
| 0:21 | Farm |
| 0:23 | Barracks |
| 0:34 | Peasant |
| 0:53 | Farm |
| 0:55 | Peasant |
| 1:06 | Peasant |
| 1:10 | Peasant |
| 1:25 | Footman |
| 1:34 | Farm |
| 1:45 | Footman |
| 1:45 | Footman |
| 1:57 | Peasant |
| 2:06 | Footman |
| 2:07 | Footman |
| 2:08 | Summon Water Elemental |
| 2:30 | Footman |
| 2:32 | Peasant |
| 2:59 | Keep |
| 3:10 | Footman |
| 3:10 | Footman |
| 3:21 | Brilliance Aura |
| 3:32 | Defend |
| 3:34 | Farm |
| 3:56 | Footman |
| 3:59 | Lumber Mill |
| 4:07 | Farm |
| 4:56 | Footman |
| 4:56 | Footman |
| 4:59 | Arcane Vault |
| 6:20 | Peasant |
| 6:20 | Peasant |
| 6:21 | Improved Lumber Harvesting |
| 6:23 | Scout Tower |
| 6:25 | Flame Strike |
| 6:39 | Footman |
| 6:42 | Arcane Sanctum |
| 6:56 | Arcane Tower |
| 6:58 | Farm |
| 7:00 | Blacksmith |
| 7:07 | Footman |
| 7:36 | Blizzard |
| 7:55 | Town Hall |
| 7:59 | Scout Tower |
| 8:35 | Scroll of Regeneration |
| 8:38 | Arcane Tower |
| 8:40 | Castle |
| Right click | 350 |
| Select | 335 |
| Select group | 178 |
| Misc. action | 74 |
| Build/train/purchase | 67 |
| Assign group | 19 |
| Minimap ping | 8 |
| Use ability | 4 |

| Wisp | 23 | 1380 | / | 0 |
| Archer | 7 | 910 | / | 70 |
| Glaive Thrower | 1 | 210 | / | 65 |
| total: | 31 | 2500g | / | 135w |
| Ancient Protector | 2 | 270 | / | 160 |
| Altar of Elders | 1 | 180 | / | 50 |
| Moon Well | 5 | 900 | / | 200 |
| Ancient of War | 3 | 450 | / | 180 |
| Hunter's Hall | 1 | 210 | / | 100 |
| Tree of Ages | 4 | 1280 | / | 720 |
| total: | 12 | 2010g | / | 690w |
| 0:04 | Wisp |
| 0:04 | Wisp |
| 0:10 | Altar of Elders |
| 0:11 | Moon Well |
| 0:28 | Wisp |
| 0:32 | Wisp |
| 0:46 | Wisp |
| 0:50 | Ancient of War |
| 1:00 | Wisp |
| 1:14 | Wisp |
| 1:29 | Wisp |
| 1:49 | Moon Well |
| 1:54 | Archer |
| 1:58 | Wisp |
| 2:06 | Hunter's Hall |
| 2:29 | Ancient of War |
| 2:31 | Entangling Roots |
| 2:43 | Archer |
| 2:49 | Moon Well |
| 3:04 | Archer |
| 3:13 | Ultravision |
| 3:20 | Archer |
| 3:23 | Wisp |
| 3:43 | Ancient Protector |
| 3:45 | Wisp |
| 3:56 | Archer |
| 4:09 | Archer |
| 4:24 | Strength of the Moon |
| 4:54 | Tree of Ages |
| 4:55 | Tree of Ages |
| 5:19 | Moon Well |
| 7:20 | Thorns Aura |
| 7:24 | Archer |
| 7:25 | Improved Bows |
| 7:27 | Glaive Thrower |
| 7:29 | Wisp |
| 7:29 | Wisp |
| 7:29 | Wisp |
| 7:29 | Wisp |
| 7:30 | Wisp |
| 7:30 | Wisp |
| 8:48 | Ancient Protector |
| 8:50 | Wisp |
| 8:50 | Wisp |
| 9:05 | Ancient of War |
| 9:07 | Wisp |
| 9:07 | Wisp |
| 9:11 | Moon Well |
| 9:13 | Wisp |
| 9:14 | Wisp |
| Right click | 272 |
| Select group | 130 |
| Select | 108 |
| Misc. action | 69 |
| Build/train/purchase | 49 |
| Assign group | 23 |
| Use ability | 9 |
| Minimap ping | 6 |
| Esc | 1 |

| Periapt of Vitality | 1 | 325 |
| total: | 1 | 325g |
| Wisp | 9 | 540 | / | 0 |
| Archer | 4 | 520 | / | 40 |
| Huntress | 5 | 975 | / | 100 |
| total: | 18 | 2035g | / | 140w |
| Ancient Protector | 1 | 135 | / | 80 |
| Altar of Elders | 1 | 180 | / | 50 |
| Moon Well | 4 | 720 | / | 160 |
| Ancient of War | 3 | 450 | / | 180 |
| Hunter's Hall | 1 | 210 | / | 100 |
| Ancient of Wind | 2 | 300 | / | 280 |
| Tree of Ages | 1 | 320 | / | 180 |
| total: | 12 | 1995g | / | 850w |
| 0:06 | Wisp |
| 0:06 | Wisp |
| 0:28 | Altar of Elders |
| 0:34 | Moon Well |
| 0:38 | Wisp |
| 0:50 | Ancient of War |
| 1:04 | Wisp |
| 1:12 | Wisp |
| 1:23 | Wisp |
| 1:47 | Moon Well |
| 1:55 | Archer |
| 1:58 | Archer |
| 2:00 | Wisp |
| 2:03 | Wisp |
| 2:27 | Hunter's Hall |
| 2:36 | Evasion |
| 2:42 | Wisp |
| 2:51 | Ancient of War |
| 3:11 | Ancient of War |
| 3:26 | Archer |
| 3:28 | Archer |
| 4:50 | Huntress |
| 4:52 | Huntress |
| 4:59 | Tree of Ages |
| 5:10 | Strength of the Moon |
| 5:11 | Moon Armor |
| 5:34 | Periapt of Vitality |
| 6:31 | Moon Well |
| 6:38 | Huntress |
| 6:40 | Sentinel |
| 7:16 | Moon Well |
| 7:29 | Huntress |
| 7:31 | Huntress |
| 7:47 | Moon Glaive |
| 7:50 | Improved Bows |
| 7:55 | Ancient of Wind |
| 8:01 | Ancient of Wind |
| 8:28 | Ancient Protector |
| Select | 102 |
| Right click | 94 |
| Build/train/purchase | 28 |
| Use ability | 4 |
| Remove unit | 1 |
⇛